 Dungeon Crawl Stone Soup version 0.31.0-11-ge490571c62 (webtiles) character file.

Game seed: 12600792228100095579

135 firemarshallily the Trooper (level 4, 0/40 HPs)
             Began as a Minotaur Hedge Wizard on Feb 9, 2024.
             Slain by Menkaure (2 damage)
             ... on level 4 of the Dungeon.
             The game lasted 00:07:03 (2999 turns).

firemarshallily the Trooper (Minotaur Hedge Wizard) Turns: 2999, Time: 00:07:03

Health: 0/40       AC:  9    Str: 15    XL:     4   Next: 96%
Magic:  5/6        EV: 11    Int: 15    God:
Gold:   159        SH:  5    Dex:  9    Spells: 5/7 levels left

rFire   . . .        f - +0 club
rCold   + . .        (no shield)
rNeg    . . .        i - +0 leather armour
rPois   .            c - +0 hat
rElec   .            (no cloak)
rCorr   .            h - +1 pair of gloves
SInv    .            (no boots)
Will    +....        p - amulet of reflection
Stlth   +            l - ring of protection from cold
HPRegen 0.26/turn    (no ring)
MPRegen 0.10/turn

%: reflection, clarity
@: attractive, enlightened, flying
A: horns 2, retaliatory headbutt, iridescent scales 2, clarity, clever 1
a: no special abilities


You were on level 4 of the Dungeon.
You visited 1 branch of the dungeon, and saw 4 of its levels.

You collected 159 gold pieces.

Inventory:

Hand Weapons
 f - a +0 club (weapon)
Missiles
 g - 10 poisoned darts (quivered)
Armour
 c - a +0 hat (worn)
 h - a +1 pair of gloves (worn)
 i - a +0 leather armour (worn)
 t - a +0 ring mail
Jewellery
 l - a ring of protection from cold (left hand)
 p - an amulet of reflection (around neck)
Scrolls
 e - 3 scrolls of blinking {unknown}
 k - 5 scrolls of teleportation {unknown}
 m - a scroll of poison {unknown}
 o - a scroll of fog {unknown}
 q - 2 scrolls of enchant weapon {unknown}
 r - a scroll of identify {unknown}
 s - a scroll of amnesia {unknown}
 u - a scroll of acquirement {unknown}
Potions
 d - 2 potions of magic
 j - a potion of mutation


   Skills:
 * Level 4.1 Fighting
 + Level 2.2 Maces & Flails
 + Level 2.6 Armour
 - Level 2.1 Dodging
 - Level 1.5 Stealth
 - Level 2.1 Spellcasting
 - Level 0.6 Conjurations
 - Level 0.6 Summonings
 - Level 0.6 Translocations


You had 5 spell levels left.
You knew the following spells:

 Your Spells              Type           Power      Damage    Failure   Level
a - Magic Dart            Conj           12%        1d3       22%         1
b - Slow                  Hex            4%         N/A       26%         1

Your spell library contained the following spells:

 Spells                   Type           Power      Damage    Failure   Level
 Freeze                   Ice            4%         1d3       26%         1
 Blink                    Tloc           6%         N/A       32%         2
 Call Imp                 Summ           6%         N/A       32%         2
 Cigotuvi's Dreadful Rot  Necr/Alch/Air  2%         N/A       38%         2
 Hailstorm                Conj/Ice       2%         3d5       56%         3
 Mephitic Cloud           Conj/Alch/Air  2%         N/A       58%         3
 Confusing Touch          Hex            1%         N/A       63%         3
 Frozen Ramparts          Ice            2%         1d1       63%         3
 Sigil of Binding         Hex            1%         N/A       63%         3
 Vampiric Draining        Necr           1%         2d6       63%         3


Dungeon Overview and Level Annotations

Branches:
Dungeon (4/15)
 Temple: D:4-7

Altars:

Annotations:
D:3 3 runed translucent doors, TheBioAlchemist's ghost, amateur OnWr; TheBioAlchemist's ghost, amateur SpEn
D:4 Menkaure


Innate Abilities, Weirdness & Mutations

You have a pair of horns on your head.
You reflexively headbutt those who attack you in melee.
You are mostly covered in iridescent scales. (AC +4)
You possess an exceptional clarity of mind.
Your mind is acute. (Int +4, Str/Dex -1)


Message History

You hit Menkaure. You headbutt Menkaure.
Menkaure is moderately damaged.
Menkaure mumbles some strange words.
Menkaure seems to speed up.
You hit Menkaure but do no damage.
Menkaure is moderately damaged.
Menkaure hits you!!
Menkaure calls on the powers of darkness!
Your body is wracked with pain!
* * * LOW HITPOINT WARNING * * *
It was a potion of attraction.
You feel attractive to monsters. You block Menkaure's attack.
It was a potion of enlightenment.
You feel very buoyant.
You fly up into the air.
Menkaure hits you.
* * * LOW HITPOINT WARNING * * *
It was a potion of mutation.
You feel extremely strange.
Iridescent scales grow over part of your body.
Your thoughts seem clearer.
You feel clever.
Iridescent scales spread over more of your body.
Menkaure barely misses you.
It was a potion of heal wounds.
You feel much better. Menkaure completely misses you. x2
You hit Menkaure. You headbutt Menkaure!
Menkaure is severely damaged.
Menkaure completely misses you.
You barely miss Menkaure.
Menkaure is severely damaged.
Menkaure calls on the powers of darkness!
Your body is wracked with pain!
You hit Menkaure but do no damage. Your headbutt misses Menkaure.
Menkaure is severely damaged.
Menkaure hits you!!
* * * LOW HITPOINT WARNING * * *
Menkaure closely misses you.
You hit Menkaure but do no damage.
Menkaure is severely damaged.
Menkaure hits you.
You die...

#.....# #. #.....# #..
#.....#
...##+#.....##+## #
#..............# ##
#..............# #.
#..............# #.
#....$.........# #.
#....M@........# ##
#..............#######.
########+####.......†..
...........(......
..........#....†.#
#..####.###......#
#..####.#####.....
........†'..#.....
.........#..#.....


You could see Menkaure (fast).

Vanquished Creatures
  7 adders
  A ribbon worm (D:3)
  3 dart slugs
  An orc (D:3)
  7 endoplasms
  2 giant cockroaches
  4 goblins
  7 hobgoblins
  5 quokkas
  2 ball pythons (D:1)
  8 bats
  3 frilled lizards
  7 kobolds
  7 rats
64 creatures vanquished.

Notes
Turn   | Place    | Note
-------+----------+-------------------------------------------
     0 | D:1      | firemarshallily the Minotaur Hedge Wizard began the quest
                  | for the Orb.
     0 | D:1      | Reached XP level 1. HP: 14/14 MP: 2/2
    49 | D:1      | Learned a level 1 spell: Slow
    63 | D:1      | Reached skill level 1 in Fighting
   112 | D:1      | Reached skill level 1 in Armour
   112 | D:1      | Reached XP level 2. HP: 12/23 MP: 2/4
   268 | D:1      | Reached skill level 2 in Fighting
   313 | D:1      | You fall into a shaft and drop 1 floor!
   410 | D:1      | Reached XP level 3. HP: 30/30 MP: 5/5
   877 | D:2      | Reached skill level 1 in Maces & Flails
   911 | D:2      | Reached skill level 3 in Fighting
  1187 | D:2      | Reached XP level 4. HP: 34/38 MP: 6/6
  1713 | D:3      | Found a runed translucent gate.
  1714 | D:3      | Found a runed translucent gate.
  1714 | D:3      | Found a runed translucent gate.
  1717 | D:3      | Noticed TheBioAlchemist's ghost (amateur SpEn)
  1717 | D:3      | Noticed TheBioAlchemist's ghost (amateur OnWr)
  2877 | D:4      | Reached skill level 4 in Fighting
  2984 | D:4      | Noticed Menkaure
  2994 | D:4      | Gained mutation: You are partially covered in iridescent
                  | scales. (AC +2) [potion of mutation]
  2994 | D:4      | Gained mutation: You possess an exceptional clarity of
                  | mind. [potion of mutation]
  2994 | D:4      | Gained mutation: Your mind is acute. (Int +4, Str/Dex -1)
                  | [potion of mutation]
  2994 | D:4      | Gained mutation: You are mostly covered in iridescent
                  | scales. (AC +4) [potion of mutation]
  2998 | D:4      | HP: 1/40 [Menkaure (18)]
  2999 | D:4      | Slain by Menkaure

Illustrated notes

Levels and vault maps discovered:
D:1:      eino_arrival_water_cross, layout_loops_ring, minivault_27,
          minmay_hexomino_r4
D:2:      layout_basic, serial_bayou_pond_d
D:3:      layout_loops_corners, gammafunk_ghost_cemetery
D:4:      layout_gridville, ebering_ghost_reflecting_pool, uniq_grinder,
          uniq_blork_the_orc, uniq_eustachio, uniq_menkaure

Skill      XL: |  1  2  3  4 |
---------------+-------------+-----
Fighting       | 1 2 3 4 |  4.1
Armour         | 1 2 |  2.6
Maces & Flails | 1 2 |  2.2
Dodging        | |  2.1
Stealth        | |  1.5
Spellcasting   | |  2.1
Conjurations   | |  0.6
Summonings     | |  0.6
Translocations | |  0.6

Action                     |  1- 3 |  4- 6 || total
---------------------------+-------+-------++-------
  Melee: Dagger            |    25 |       ||    25
         Headbutt          |    14 |    17 ||    31
         Club              |    76 |    90 ||   166
   Cast: Slow              |     1 |     2 ||     3
         Magic Dart        |       |    10 ||    10
    Use: Potion            |       |     4 ||     4
   Stab: Sleeping          |     4 |       ||     4
 Armour: Robe              |    12 |       ||    12
         Leather armour    |    45 |    53 ||    98
  Dodge: Dodged            |    67 |    43 ||   110
  Block: Other             |     8 |    22 ||    30
